 Dungeon Crawl Stone Soup version 0.29-a0-317-gd16b76e6b1 (webtiles) character file.

Game seed: 17425460977254648455

118 HotDog the Chopper (level 5, 0/46 HPs)
             Began as a Hill Orc Fighter on Mar 30, 2022.
             Killed from afar by an orc wizard (6 damage)
             ... with a magic dart
             ... on level 3 of the Dungeon.
             The game lasted 00:02:35 (2573 turns).

HotDog the Chopper (Hill Orc Fighter)               Turns: 2573, Time: 00:02:36

Health: 0/46       AC:  9    Str: 21    XL:     5   Next: 2%
Magic:  6/6        EV:  7    Int:  8    God:
Gold:   104        SH:  4    Dex: 10    Spells: 4/4 levels left

rFire   . . .      SeeInvis .   a - +0 war axe
rCold   + . .      Faith    .   c - +0 buckler
rNeg    . . .      Spirit   .   m - +0 chain mail
rPois   .          Reflect  .   (no helmet)
rElec   .          Harm     .   (no cloak)
rCorr   .          Rampage  .   (no gloves)
Will    .....                   (no boots)
Stlth   ..........              o - amulet of the acrobat
HPRegen 0.15/turn               e - ring of protection from cold
MPRegen 0.10/turn               (no ring)

@: no status effects
A: no striking features
a: no special abilities


You were on level 3 of the Dungeon.
You visited 1 branch of the dungeon, and saw 3 of its levels.

You collected 104 gold pieces.

Inventory:

Hand Weapons
 a - a +0 war axe (weapon)
Armour
 c - a +0 buckler (worn)
 m - a +0 chain mail (worn)
Jewellery
 e - a ring of protection from cold (left hand)
 o - an amulet of the acrobat (around neck)
Scrolls
 g - 2 scrolls of identify {unknown}
 k - a scroll of immolation {unknown}
 l - a scroll of magic mapping {unknown}
 n - a scroll of vulnerability {unknown}
 p - a scroll of acquirement {unknown}
 q - a scroll of amnesia {unknown}
 r - a scroll of teleportation {unknown}
 t - a scroll of fear {unknown}
Potions
 b - a potion of lignification {unknown}
 d - a potion of might
 f - a potion of magic {unknown}
 h - a potion of curing {unknown}
 i - 3 potions of heal wounds
 j - a potion of cancellation {unknown}
 s - a potion of berserk rage {unknown}


   Skills:
 * Level 4.2 Fighting
 * Level 4.3 Axes
 * Level 4.0 Armour
 * Level 0.9 Dodging
 * Level 3.7 Shields
 * Level 1.5 Invocations


You had 4 spell levels left.
You didn't know any spells.
Your spell library contained the following spells:

 Spells                   Type           Power      Damage    Failure   Level
 Animate Skeleton         Necr           0%         N/A       99%         1
 Freeze                   Ice            0%         1d3       99%         1
 Pain                     Necr           0%         1d4       99%         1
 Sublimation of Blood     Necr           0%         N/A       100%        2
 Frozen Ramparts          Ice            0%         1d2       100%        3
 Gell's Gravitas          Tloc           0%         N/A       100%        3
 Lesser Beckoning         Tloc           0%         N/A       100%        3
 Teleport Other           Tloc           0%         N/A       100%        3
 Vampiric Draining        Necr           0%         2d6       100%        3
 Hailstorm                Conj/Ice       0%         3d3       100%        4
 Petrify                  Tmut/Erth      0%         N/A       100%        4
 Irradiate                Conj/Tmut      0%         3d13      100%        5


Dungeon Overview and Level Annotations

Branches:
Dungeon (3/15)

Altars:
Cheibriados

Shops:
D:3 (


Message History

A magic dart appears from out of thin air!
The magic dart hits you!
You hear some strange, mumbled words.
You are confused.
Items here: ( ))) [ ††.
You barely miss something. Something hits you but does no damage.
You miss something. Something hits you but does no damage.
You completely miss something. Something hits you but does no damage.
You hear some strange, mumbled words.
A magic dart appears from out of thin air!
The magic dart hits you.
You feel less confused. Something hits you but does no damage.
You hear some strange, mumbled words.
Something tries to affect you, but you resist.
You slash something!
You hear some strange, mumbled words.
A puff of flame appears from out of thin air!
The puff of flame hits you.
* * * LOW HITPOINT WARNING * * *
You miss something. Something hits you but does no damage.
You barely miss something.
You hear some strange, mumbled words.
A magic dart appears from out of thin air!
The magic dart hits you.
* * * LOW HITPOINT WARNING * * *
Something hits you.
* * * LOW HITPOINT WARNING * * *
You barely miss something.
You hear some strange, mumbled words.
A magic dart appears from out of thin air!
The magic dart hits you but does no damage.
You miss something. Something hits you but does no damage.
You closely miss something.
You hear some strange, mumbled words.
Something tries to affect you, but you resist.
You hear some strange, mumbled words.
A magic dart appears from out of thin air!
The magic dart hits you.
You die...

# ###.. #.
...... ##....
#...... ...#
##(.....) ####
###..# # .#
##{).## ## .#
###@.### ### .#
.# ##...## ##.#
.###.# ##..###
#..# ..#..#
#..## #.## #...#
####.##
#######.###
#...# ###....#..
..(.......##
..#.###...#....#
######.._.#.
..#.........####
###......
#..>..##.####
###....#.##


There were no monsters in sight!

Vanquished Creatures
  An orc priest (D:3)
  An orc wizard (D:3)
  2 adders
  A dart slug (D:1)
  6 orcs (D:3)
  3 ball pythons
  2 endoplasms (D:1)
  A giant cockroach (D:1)
  4 hobgoblins
  A quokka (D:2)
  4 bats (D:1)
  7 frilled lizards
  4 goblins
  3 kobolds
  A rat (D:3)
41 creatures vanquished.

Vanquished Creatures (others)
  6 plants (D:2)
6 creatures vanquished.

Grand Total: 47 creatures vanquished

Notes
Turn   | Place    | Note
-------+----------+-------------------------------------------
     0 | D:1      | HotDog the Hill Orc Fighter began the quest for the Orb.
     0 | D:1      | Reached XP level 1. HP: 19/19 MP: 1/1
   163 | D:1      | Reached XP level 2. HP: 27/27 MP: 2/2
   497 | D:1      | Reached skill level 1 in Invocations
  1234 | D:2      | Reached XP level 3. HP: 33/33 MP: 3/3
  1803 | D:2      | Found a faded altar of an unknown god.
  2137 | D:3      | Found Qybiojid's Weapon Shop.
  2195 | D:3      | Found a snail-covered altar of Cheibriados.
  2207 | D:3      | Reached XP level 4. HP: 40/40 MP: 3/5
  2556 | D:3      | Reached XP level 5. HP: 37/46 MP: 6/6
  2573 | D:3      | Killed from afar by an orc wizard

Illustrated notes

Levels and vault maps discovered:
D:1:      minmay_arrival_diagonal_passages, layout_loops_ring, moated_statue
D:2:      layout_basic, shapermc_ecumenical_altar_hornbeckon
D:3:      layout_rooms, gammafunk_temple_overflow_pools, cheibriados_altar_1,
          serial_shops, nicolae_shop_hallway_stairs, uniq_crazy_yiuf_cottage

Skill      XL: |  1  2  3  4 |
---------------+-------------+-----
Invocations    | 1 |  1.5
Axes           | 3 4 |  4.3
Fighting       | 4 |  4.2
Armour         | 4 |  4.0
Dodging        | |  0.9
Shields        | |  3.7

Action                   |  1- 3 |  4- 6 || total
-------------------------+-------+-------++-------
Melee: War axe           |    85 |    39 ||   124
  Use: Scroll            |     1 |       ||     1
       Potion            |     1 |       ||     1
Armor: Scale mail        |    37 |       ||    37
       Chain mail        |    12 |    30 ||    42
Dodge: Dodged            |    49 |     8 ||    57
Block: Buckler           |    21 |    10 ||    31

Table legend: (Time is in decaauts)
 A = Elapsed time spent in this place.
 B = Non-inter-level travel time spent in this place.
 C = Inter-level travel time spent in this place.
 D = Time resting spent in this place.
 E = Time spent auto-exploring this place.
 F = Levels seen in this place.
 G = Mean time per level.
                   A        B        C        D        E       F      G
               +--------+--------+--------+--------+--------+-----+--------+
         Total |   2623 |   2497 |    126 |      0 |   2143 |   3 |  874.3 |
       Dungeon |   2623 |   2497 |    126 |      0 |   2143 |   3 |  874.3 |
               +--------+--------+--------+--------+--------+-----+--------+

Top non-repeatable levels by time:
     D:2: 1121 daAuts
     D:1: 954 daAuts
     D:3: 547 daAuts
